 Dungeon Crawl Stone Soup version 0.29.1-12-g30fa7ad0bf (webtiles) character file.

Game seed: 9270362935682102177

1304 kingofthe the Magician (level 8, 0/41 HPs)
             Began as a Deep Elf Venom Mage on Jan 15, 2023.
             Killed by nerve-wracking pain
             ... invoked by an orc priest
              (13 damage)
             ... on level 6 of the Dungeon on Jan 16, 2023.
             The game lasted 00:40:27 (8054 turns).

kingofthe the Magician (Deep Elf Venom Mage)        Turns: 8054, Time: 00:40:28

Health: 0/41       AC:  9    Str:  5    XL:     8   Next: 31%
Magic:  20/20      EV: 15    Int: 21    God:
Gold:   168        SH:  5    Dex: 17    Spells: 15/21 levels left

rFire   . . .      SeeInvis +   a - +4 rapier (elec)
rCold   . . .      Faith    .   (no shield)
rNeg    . . .      Spirit   .   u - +0 robe
rPois   .          Reflect  +   t - +0 helmet
rElec   .          Harm     .   s - +1 cloak
rCorr   .          Rampage  .   (no gloves)
Will    .....                   (no boots)
Stlth   +++.......              x - amulet of reflection
HPRegen 0.13/turn               d - +4 ring of protection
MPRegen 0.17/turn               q - ring of see invisible

@: no status effects
A: no striking features
a: no special abilities


You were on level 6 of the Dungeon.
You visited 1 branch of the dungeon, and saw 6 of its levels.

You collected 168 gold pieces.

Inventory:

Hand Weapons
 a - a +4 rapier of electrocution (weapon)
 b - a +2 dagger of venom
 e - a +2 dagger of venom
 f - a +1 scythe of flaming
 A - a +3 mace
 E - a +0 short sword of draining
Armour
 s - a +1 cloak (worn)
 t - a +0 helmet (worn)
 u - a +0 robe (worn)
Jewellery
 d - a +4 ring of protection (left hand)
 q - a ring of see invisible (right hand)
 x - an amulet of reflection (around neck)
 I - an amulet of guardian spirit
Wands
 c - a wand of light (5)
 z - a wand of digging (2)
 D - a wand of flame (21)
Scrolls
 g - a scroll of fear {unknown}
 h - a scroll of identify
 j - a scroll of teleportation {unknown}
 k - 3 scrolls of noise
 y - a scroll of magic mapping {unknown}
 C - a scroll of immolation {unknown}
 F - a scroll of enchant weapon {unknown}
 G - a scroll of summoning {unknown}
Potions
 i - 2 potions of haste {unknown}
 l - 2 potions of mutation {unknown}
 m - 3 potions of flight
 n - a potion of heal wounds
 o - a potion of degeneration {unknown}
 p - 3 potions of lignification {unknown}
 r - 2 potions of curing {unknown}
 v - 2 potions of attraction {unknown}
 w - 2 potions of magic
 B - a potion of brilliance {unknown}
 H - a potion of resistance {unknown}


   Skills:
 + Level 6.3 Dodging
 + Level 4.0 Stealth
 + Level 7.0 Spellcasting
 + Level 4.7 Conjurations
 - Level 1.1 Transmutations
 - Level 2.0 Air Magic
 + Level 6.1 Poison Magic


You had 15 spell levels left.
You knew the following spells:

 Your Spells              Type           Power      Damage    Failure   Level
a - Sting                 Tmut/Pois      88%        1d7       1%          1
b - Poisonous Vapours     Pois/Air       48%        N/A       2%          2
c - Mephitic Cloud        Conj/Pois/Air  25%        N/A       4%          3

Your spell library contained the following spells:

 Spells                   Type           Power      Damage    Failure   Level
 Static Discharge         Conj/Air       21%        3-6/arc   3%          2
 Olgreb's Toxic Radiance  Pois           33%        N/A       7%          4
 Freeze                   Ice            28%        1d5       9%          1
 Frozen Ramparts          Ice            14%        1d3       26%         3
 Hailstorm                Conj/Ice       17%        3d6       32%         4
 Lightning Bolt           Conj/Air       10%        1d23      52%         5
 Maxwell's Capacitive Co  Air            7%         ∞         100%        8


Dungeon Overview and Level Annotations

Branches:
Dungeon (6/15)
 Temple: D:4-7

Altars:
Ashenzari
Hepliaklqana
Makhleb
Ru
Wu Jian

Annotations:
D:5 Menkaure


Message History

m - 3 potions of flight You feel sick.
The water moccasin closely misses you. The orc hits you but does no damage.
You block the scorpion's attack. The water moccasin barely misses you.
You feel sick.
The scorpion stings you but does no damage.
You block the orc's attack. You block the water moccasin's attack.
You climb downwards.
You feel sick.
The orc priest casts a cantrip, but nothing happens.
There is a stone staircase leading up, spattered with blood here.
The orc wizard attacks as you move away!
The orc wizard hits you with a +0 dagger.
You feel sick. The water moccasin barely misses you.
You feel sick.
You are no longer poisoned.
The water moccasin misses you. The water moccasin barely misses you.
The orc wizard casts a spell.
The orc wizard flickers and vanishes for a moment.
The scorpion stings you.
The water moccasin attacks as you move away!
The water moccasin closely misses you.
The orc priest begins to cast a cantrip, but forgets the words!
The water moccasin barely misses you.
The water moccasin attacks as you move away!
The water moccasin barely misses you.
The water moccasin attacks as you move away!
You block the water moccasin's attack.
The water moccasin bites you but does no damage.
The scorpion barely misses you.
The water moccasin attacks as you move away!
The water moccasin closely misses you. The scorpion attacks as you move away!
The scorpion closely misses you.
The water moccasin attacks as you move away!
The water moccasin bites you. The water moccasin closely misses you.
An orc priest comes into view. It is wielding a +0 dagger.
The orc priest shouts!
The orc priest shouts!
The orc priest mumbles some strange prayers to Beogh against you.
Pain shoots through your body!
You die...

..............# ..#
..............# ...#
.....##......###..[### .
..................... ..
...$...........##..# ...
#...<..........#...#....
#............oo.........
....##........#sS.......
.... #.....####.@..#....
.##. #....## ##...#...#
. ........# ##.o.o...#
.......).. .........
..#..###... .......#. #
###...[##.. ####.#.#.#..
#...<.......
#...........


You could see a water moccasin, a scorpion, 3 orc priests and an orc.

Vanquished Creatures
  Sigmund (D:2)
  Eustachio (D:4)
  An ice beast (D:4)
  A centaur (D:4)
  A bullfrog (D:5)
  2 necrophages
  Blork the orc (D:4)
  2 scorpions (D:5)
  A jelly (D:3)
  Ijyb (D:5)
  Jessica (D:2)
  2 iguanas (D:5)
  6 orc wizards
  5 adders
  A shadow imp (D:5)
  2 worms
  13 orcs
  5 ball pythons
  3 bats (D:2)
  8 endoplasms
  3 giant cockroaches
  10 goblins
  4 hobgoblins
  14 jackals
  6 quokkas
  6 frilled lizards
  8 kobolds
  7 rats
116 creatures vanquished.

Notes
Turn   | Place    | Note
-------+----------+-------------------------------------------
     0 | D:1      | kingofthe the Deep Elf Venom Mage began the quest for the
                  | Orb.
     0 | D:1      | Reached XP level 1. HP: 10/10 MP: 6/6
   117 | D:1      | Reached XP level 2. HP: 11/15 MP: 1/8
   181 | D:1      | Learned a level 2 spell: Poisonous Vapours
   734 | D:1      | Found a faded altar of an unknown god.
   932 | D:1      | Reached XP level 3. HP: 19/19 MP: 7/9
  1565 | D:2      | Noticed Jessica
  1572 | D:2      | Killed Jessica
  1654 | D:2      | Reached XP level 4. HP: 24/24 MP: 8/11
  2039 | D:2      | Reached skill level 4 in Spellcasting
  2165 | D:2      | Noticed Sigmund
  2181 | D:2      | Killed Sigmund
  2182 | D:2      | Reached skill level 1 in Air Magic
  2182 | D:2      | Reached XP level 5. HP: 19/28 MP: 1/14
  2328 | D:2      | Learned a level 3 spell: Mephitic Cloud
  2735 | D:3      | Reached XP level 6. HP: 32/32 MP: 7/15
  2832 | D:3      | Reached skill level 5 in Spellcasting
  3294 | D:3      | Reached skill level 1 in Conjurations
  4111 | D:4      | Noticed Blork the orc
  4583 | D:4      | Found a burning altar of Makhleb.
  4883 | D:4      | Reached skill level 5 in Dodging
  4889 | D:4      | Reached skill level 5 in Poison Magic
  5039 | D:4      | Noticed Eustachio
  5069 | D:4      | Killed Eustachio
  5070 | D:4      | Reached XP level 7. HP: 36/36 MP: 6/17
  5214 | D:4      | Reached skill level 6 in Spellcasting
  5382 | D:4      | Killed Blork the orc
  5698 | D:5      | Entered Level 5 of the Dungeon
  6183 | D:5      | Found a hazy altar of Hepliaklqana.
  6186 | D:5      | Found a broken altar of Ashenzari.
  6349 | D:5      | Found an ornate altar of the Wu Jian Council.
  6811 | D:5      | Noticed Menkaure
  6830 | D:5      | Noticed Ijyb
  6853 | D:5      | Killed Ijyb
  6927 | D:4      | Reached XP level 8. HP: 22/41 MP: 12/20
  7093 | D:5      | Found a sacrificial altar of Ru.
  7983 | D:5      | Reached skill level 7 in Spellcasting
  8054 | D:6      | Killed from afar by an orc priest

Illustrated notes

Levels and vault maps discovered:
D:1:      minmay_arrival_arboretum_large, layout_basic, basic_ecumenical_altar,
          hex_medium, minivault_19
D:2:      layout_basic, minmay_tetromino_l2, uniq_sigmund, uniq_jessica
D:3:      layout_basic, serial_curves, eino_curves_02, eino_curves_02,
          minmay_goblin_outpost
D:4:      layout_cave_pods, bloody_makhleb, minmay_hedge_maze,
          minmay_misc_feat_diagonals, grunt_decor_clamped, uniq_blork_the_orc,
          uniq_eustachio
D:5:      layout_rooms, hangedman_ru_absence, grunt_temple_overflow_open,
          serial_curves, eino_curves_03, eino_curves_03,
          cheibrodos_sewer_entry_bend, serial_bayou_pond_d, uniq_menkaure,
          uniq_ijyb
D:6:      layout_cave_pools, mainiacjoe_overflow_brackets, elyvilon_altar_3

Skill      XL: |  1  2  3  4  5  6  7  8 |
---------------+-------------------------+-----
Stealth        | 3 4 |  4.0
Dodging        | 3 4 5 6 |  6.3
Spellcasting   | 4 5 6 7 |  7.0
Air Magic      | 1 2 |  2.0
Poison Magic   | 4 5 6 |  6.1
Conjurations   | 2 4 |  4.7
Transmutations | |  1.1

Action                   |  1- 3 |  4- 6 |  7- 9 || total
-------------------------+-------+-------+-------++-------
Melee: Spear             |     6 |    10 |       ||    16
       Mace              |       |     1 |       ||     1
       Rapier            |       |       |    14 ||    14
 Cast: Sting             |    75 |   104 |    70 ||   249
       Poisonous Vapours |     7 |    38 |    40 ||    85
       Mephitic Cloud    |       |       |     3 ||     3
  Use: Potion            |       |     1 |       ||     1
       Scroll            |       |       |     2 ||     2
 Stab: Sleeping          |       |       |     1 ||     1
Armor: Robe              |     2 |    23 |    27 ||    52
Dodge: Dodged            |    15 |    39 |    89 ||   143
Block: Other             |       |       |    10 ||    10
